Map: Romanticide LE

Players

Armani

  • Race: Zerg Zerg
  • League: Master

Armani

  • Race: Zerg Zerg
  • League: Master

DPGZest (Zest) - Winner!

  • Race: Protoss Protoss

Event: TSL 7

VOD

Have the link to the VOD?

Description

Time

  • Played on: June 12, 2021, 12:16 p.m.
  • Length: 10:25

All games in this series

Show
View Real Time Build Order
Export as new Build Order

Armani Zerg 

Build Orders: Hatch First 

Get SALT Encoding   

  12  0:00  Drone  
  13  0:12  Overlord  
  13  0:17  Drone  
  14  0:30  Drone x2  
  16  0:49  Hatchery  
  15  0:52  Drone  
  15  0:55  Drone  
  17  0:59  Drone  
  18  1:05  Extractor  
  17  1:13  Spawning Pool  
  17  1:17  Drone  
  17  1:20  Drone  
  18  1:28  Drone  
  19  1:39  Drone  
  20  1:49  Drone  
  21  2:02  Zergling x2, Overlord, Queen  
  21  2:08  Queen  
  24  2:10  Metabolic Boost  
  24  2:12  Drone  
  24  2:15  Drone  
  28  2:21  Drone  
  29  2:23  Drone  
  30  2:31  Drone  
  31  2:41  Hatchery  
  30  2:45  Queen  
  30  2:48  Drone  
  30  2:51  Drone  
  34  2:54  Overlord  
  34  2:59  Drone x2  
  36  3:14  Drone x3  
  36  3:15  Drone x2  
  36  3:17  Zergling x2  
  42  3:21  Zergling x2  
  43  3:27  Zergling x2  
  43  3:30  Spore Crawler  
  43  3:33  Overlord  
  43  3:39  Drone  
  43  3:41  Evolution Chamber  
  43  3:43  Drone  
  43  3:47  Spore Crawler  
  43  3:49  Drone  
  43  3:51  Drone, Queen  
  43  3:52  Drone  
  43  3:53  Drone  
  43  3:54  Queen  
  43  3:55  Drone  
  49  3:59  Drone x2  
  51  4:04  Drone x2  
  51  4:05  Drone  
  51  4:09  Zerg Melee Weapons Level 1  
  54  4:12  Drone x2  
  54  4:17  Drone, Spore Crawler  
  55  4:21  Drone  
  56  4:24  Overlord  
  56  4:25  Overlord  
  56  4:28  Drone x2  
  56  4:31  Drone  
  56  4:32  Drone  
  57  4:40  Extractor  
  57  4:41  Baneling Nest  
  57  4:44  Drone x6  
  61  4:47  Drone  
  61  4:51  Zergling x2  
  63  4:56  Zergling x2  
  64  5:00  Zergling x8  
  64  5:04  Zergling x4  
  70  5:09  Lair  
  70  5:12  Overlord x2  
  70  5:15  Zergling x6  
  70  5:17  Overlord  
  73  5:23  Overlord  
  73  5:27  Drone  
  73  5:28  Extractor, Overlord x2  
  74  5:29  Extractor  
  74  5:31  Drone x3  
  74  5:32  Drone x2  
  74  5:34  Drone  
  74  5:35  Drone x3  
  81  5:42  Drone  
  82  5:44  Zergling x4  
  82  5:46  Baneling x6  
  82  5:47  Baneling x6  
  84  5:50  Zergling x6  
  84  5:53  Zergling x4  
  84  5:56  Queen  
  86  6:05  Zergling x2  
  86  6:06  Zergling x10  
  92  6:13  Drone  
  92  6:14  Drone x2  
  92  6:15  Drone x2  
  92  6:16  Extractor  
  92  6:18  Extractor  
  95  6:19  Hydralisk Den  
  95  6:20  Drone x2  
  95  6:22  Zerg Melee Weapons Level 2  
  95  6:23  Drone  
  97  6:31  Hatchery, Queen  
  97  6:32  Drone x2  
  100  6:35  Overseer  
  100  6:36  Drone x2  
  100  6:39  Drone x2  
  104  6:42  Drone  
  105  6:47  Overlord  
  105  6:49  Overlord  
  105  6:52  Overlord  
  105  6:55  Grooved Spines  
  105  6:56  Drone  
  105  6:57  Drone  
  105  6:59  Hydralisk x2  
  110  7:03  Hydralisk  
  110  7:07  Centrifical Hooks  
  112  7:08  Hydralisk x3  
  112  7:14  Overseer  
  118  7:19  Hydralisk x3  
  124  7:28  Hydralisk x3  
  130  7:30  Overlord x2  
  130  7:33  Zergling x4  
  130  7:34  Overlord  
  132  7:46  Drone x2  
  134  7:51  Pneumatized Carapace  
  134  7:56  Drone x4, Infestation Pit  
  134  7:57  Spore Crawler  
  136  8:00  Hydralisk x5  
  146  8:07  Muscular Augments  
  146  8:16  Zergling x22  
  146  8:19  Baneling x12  
  156  8:22  Zergling x8  
  159  8:30  Zergling x2  
  159  8:31  Overlord x2  
  159  8:34  Overlord, Baneling x9  
  159  8:38  Extractor  
  159  8:40  Overlord  
  158  8:43  Overlord  
  148  8:57  Zergling x24  
  148  8:58  Zergling x10  
  129  9:18  Hydralisk  
  129  9:19  Hydralisk x11  
  127  9:24  Zergling x8  
  127  9:27  Queen  
  117  9:32  Extractor  
  117  9:36  Hydralisk x4  
  118  9:54  Hydralisk x7  
Show
View Real Time Build Order
Export as new Build Order

Armani Zerg 

Build Orders: Hatch First 

Get SALT Encoding   

  12  0:00  Drone  
  13  0:12  Overlord  
  13  0:17  Drone  
  14  0:30  Drone x2  
  16  0:49  Hatchery  
  15  0:52  Drone  
  15  0:55  Drone  
  17  0:59  Drone  
  18  1:05  Extractor  
  17  1:13  Spawning Pool  
  17  1:17  Drone  
  17  1:20  Drone  
  18  1:28  Drone  
  19  1:39  Drone  
  20  1:49  Drone  
  21  2:02  Queen, Zergling x2, Overlord  
  21  2:08  Queen  
  24  2:10  Metabolic Boost  
  24  2:12  Drone  
  24  2:15  Drone  
  28  2:21  Drone  
  29  2:23  Drone  
  30  2:31  Drone  
  31  2:41  Hatchery  
  30  2:45  Queen  
  30  2:48  Drone  
  30  2:51  Drone  
  34  2:54  Overlord  
  34  2:59  Drone x2  
  36  3:14  Drone x3  
  36  3:15  Drone x2  
  36  3:17  Zergling x2  
  42  3:21  Zergling x2  
  43  3:27  Zergling x2  
  43  3:30  Spore Crawler  
  43  3:33  Overlord  
  43  3:39  Drone  
  43  3:41  Evolution Chamber  
  43  3:43  Drone  
  43  3:47  Spore Crawler  
  43  3:49  Drone  
  43  3:51  Drone, Queen  
  43  3:52  Drone  
  43  3:53  Drone  
  43  3:54  Queen  
  43  3:55  Drone  
  49  3:59  Drone x2  
  51  4:04  Drone x2  
  51  4:05  Drone  
  51  4:09  Zerg Melee Weapons Level 1  
  54  4:12  Drone x2  
  54  4:17  Drone, Spore Crawler  
  55  4:21  Drone  
  56  4:24  Overlord  
  56  4:25  Overlord  
  56  4:28  Drone x2  
  56  4:31  Drone  
  56  4:32  Drone  
  57  4:40  Extractor  
  57  4:41  Baneling Nest  
  57  4:44  Drone x6  
  61  4:47  Drone  
  61  4:51  Zergling x2  
  63  4:56  Zergling x2  
  64  5:00  Zergling x8  
  64  5:04  Zergling x4  
  70  5:09  Lair  
  70  5:12  Overlord x2  
  70  5:15  Zergling x6  
  70  5:17  Overlord  
  73  5:23  Overlord  
  73  5:27  Drone  
  73  5:28  Extractor, Overlord x2  
  74  5:29  Extractor  
  74  5:31  Drone x3  
  74  5:32  Drone x2  
  74  5:34  Drone  
  74  5:35  Drone x3  
  81  5:42  Drone  
  82  5:44  Zergling x4  
  82  5:46  Baneling x6  
  82  5:47  Baneling x6  
  84  5:50  Zergling x6  
  84  5:53  Zergling x4  
  84  5:56  Queen  
  86  6:05  Zergling x2  
  86  6:06  Zergling x10  
  92  6:13  Drone  
  92  6:14  Drone x2  
  92  6:15  Drone x2  
  92  6:16  Extractor  
  92  6:18  Extractor  
  95  6:19  Hydralisk Den  
  95  6:20  Drone x2  
  95  6:22  Zerg Melee Weapons Level 2  
  95  6:23  Drone  
  97  6:31  Hatchery, Queen  
  97  6:32  Drone x2  
  100  6:35  Overseer  
  100  6:36  Drone x2  
  100  6:39  Drone x2  
  104  6:42  Drone  
  105  6:47  Overlord  
  105  6:49  Overlord  
  105  6:52  Overlord  
  105  6:55  Grooved Spines  
  105  6:56  Drone  
  105  6:57  Drone  
  105  6:59  Hydralisk x2  
  110  7:03  Hydralisk  
  110  7:07  Centrifical Hooks  
  112  7:08  Hydralisk x3  
  112  7:14  Overseer  
  118  7:19  Hydralisk x3  
  124  7:28  Hydralisk x3  
  130  7:30  Overlord x2  
  130  7:33  Zergling x4  
  130  7:34  Overlord  
  132  7:46  Drone x2  
  134  7:51  Pneumatized Carapace  
  134  7:56  Drone x4, Infestation Pit  
  134  7:57  Spore Crawler  
  136  8:00  Hydralisk x5  
  146  8:07  Muscular Augments  
  146  8:16  Zergling x22  
  146  8:19  Baneling x12  
  156  8:22  Zergling x8  
  159  8:30  Zergling x2  
  159  8:31  Overlord x2  
  159  8:34  Baneling x9, Overlord  
  159  8:38  Extractor  
  159  8:40  Overlord  
  158  8:43  Overlord  
  148  8:57  Zergling x24  
  148  8:58  Zergling x10  
  129  9:18  Hydralisk  
  129  9:19  Hydralisk x11  
  127  9:24  Zergling x8  
  127  9:27  Queen  
  117  9:32  Extractor  
  117  9:36  Hydralisk x4  
  118  9:54  Hydralisk x7  
Show
View Real Time Build Order
Export as new Build Order

DPGZest Protoss - Winner!

Build Orders: 1 Gate Expand, Oracle Opening, Carriers 

Get SALT Encoding   

  12  0:00  Probe  
  13  0:12  Probe  
  14  0:19  Pylon  
  14  0:24  Probe  
  15  0:37  Probe (Chrono Boost)  
  15  0:40  Gateway  
  16  0:47  Probe (Chrono Boost)  
  16  0:49  Assimilator  
  17  0:52  Probe (Chrono Boost)  
  18  1:04  Probe  
  19  1:16  Probe  
  20  1:26  Nexus  
  20  1:36  Cybernetics Core  
  20  1:39  Probe  
  21  1:45  Assimilator  
  21  1:51  Probe  
  22  1:54  Pylon  
  22  2:03  Probe (Chrono Boost)  
  23  2:12  Adept  
  23  2:14  Probe (Chrono Boost)  
  26  2:17  Stargate  
  26  2:19  Probe (Chrono Boost)  
  27  2:24  Warp Gate  
  27  2:32  Probe (Chrono Boost)  
  28  2:38  Probe (Chrono Boost)  
  28  2:42  Adept  
  32  2:47  Probe x2 (Chrono Boost)  
  33  2:52  Probe (Chrono Boost)  
  33  2:54  Probe  
  33  2:57  Oracle (Chrono Boost)  
  35  3:04  Probe  
  39  3:06  Probe, Pylon  
  39  3:12  Adept  
  42  3:16  Gateway  
  42  3:18  Probe  
  43  3:20  Probe  
  44  3:28  Oracle (Chrono Boost)  
  44  3:30  Probe  
  44  3:32  Probe  
  49  3:47  Nexus  
  49  3:54  Twilight Council  
  49  3:58  Probe x2  
  51  4:04  Pylon  
  51  4:09  Gateway x2  
  51  4:15  Adept  
  53  4:17  Probe  
  53  4:19  Pylon  
  54  4:27  Resonating Glaives (Chrono Boost)  
  54  4:28  Adept  
  56  4:35  Probe x2  
  56  4:37  Assimilator  
  58  4:40  Assimilator  
  58  4:43  Pylon  
  58  4:47  Probe x2  
  58  4:50  Adept x2  
  66  5:02  Probe (Chrono Boost)  
  66  5:03  Probe x2 (Chrono Boost)  
  67  5:12  Probe (Chrono Boost), Adept x4  
  78  5:14  Probe x2 (Chrono Boost)  
  78  5:17  Probe (Chrono Boost)  
  79  5:22  Shield Battery  
  79  5:27  Probe x2 (Chrono Boost)  
  81  5:29  Probe (Chrono Boost)  
  81  5:30  Assimilator x2  
  81  5:34  Adept x4  
  91  5:38  Probe x2 (Chrono Boost)  
  91  5:39  Probe (Chrono Boost)  
  93  5:46  Pylon  
  93  5:53  Stargate  
  93  5:55  Stargate  
  93  5:57  Void Ray (Chrono Boost)  
  93  6:01  Probe x2  
  89  6:08  Probe  
  92  6:12  Stalker  
  92  6:13  Probe x2  
  96  6:23  Probe, Fleet Beacon  
  96  6:24  Zealot  
  99  6:25  Probe, Pylon  
  99  6:26  Probe  
  99  6:31  Pylon  
  99  6:32  Pylon  
  101  6:36  Shield Battery  
  101  6:38  Protoss Air Weapons Level 1 (Chrono Boost)  
  101  6:43  Probe  
  102  6:47  Pylon  
  102  6:50  Probe x2  
  104  6:56  Probe  
  104  7:01  Carrier x3 (Chrono Boost)  
  123  7:15  Pylon x2  
  123  7:16  Pylon  
  123  7:20  Forge  
  123  7:33  Pylon  
  123  7:35  Shield Battery  
  123  7:37  Shield Battery  
  135  8:02  Carrier x3 (Chrono Boost), Pylon  
  141  8:11  Photon Cannon  
  141  8:15  Gateway  
  141  8:16  Gateway  
  141  8:18  Gateway  
  139  8:32  Nexus  
  137  8:34  Pylon  
  137  8:36  Pylon  
  137  8:38  Pylon  
  137  8:45  Sentry  
  137  8:46  Sentry x3  
  139  9:01  Void Ray  
  142  9:14  Adept x2  
  142  9:15  Adept x2  
  137  9:20  Probe x3  
  111  9:32  Probe x3  
  111  9:34  Pylon  
  111  9:35  Adept x4, Void Ray (Chrono Boost)  
  120  9:44  Probe  
  113  9:55  Probe x2  
  119  10:07  Probe x2  
  119  10:08  Probe x2  
Tags
 
Add a new tag
Caveats
  • Supply blocks, unpowered buildings, or Contaminate may cause inaccurate times.
  • Supply counts are checked every 10 seconds.